 Dungeon Crawl Stone Soup version 0.23.2 (webtiles) character file.

Game seed: 5582880202536941093

7357 HuneSparrow the Carver (level 10, -7/86 HPs)
             Began as a Minotaur Fighter on Apr 5, 2019.
             Was a Priest of Makhleb.
             Mangled by a two-headed ogre
             ... wielding a +0 giant spiked club
              (15 damage)
             ... on level 10 of the Dungeon on Apr 8, 2019.
             The game lasted 00:34:43 (10593 turns).

HuneSparrow the Carver (Minotaur Fighter)          Turns: 10593, Time: 00:34:44

Health: -7/86      AC: 17    Str: 24    XL:     10   Next: 91%
Magic:  10/10      EV:  7    Int:  5    God:    Makhleb [***...]
Gold:   534        SH: 11    Dex: 10    Spells: 10/10 levels left

rFire    . . .     SeeInvis .   a - +0 long sword
rCold    . . .     Gourm    .   c - +0 shield
rNeg     + . .     Faith    .   z - +0 plate armour
rPois    .         Spirit   .   (helmet restricted)
rElec    .         Reflect  .   w - +0 cloak
rCorr    .         Harm     .   (no gloves)
MR       .....                  v - +1 pair of boots
Stlth    ..........             (no amulet)
HPRegen  0.24/turn              b - ring of positive energy
MPRegen  0.12/turn              (no ring)

@: no status effects
A: retaliatory headbutt, horns 2
a: Minor Destruction, Lesser Servant of Makhleb, Renounce Religion


You were on level 10 of the Dungeon.
You worshipped Makhleb.
Makhleb was most pleased with you.
You were not hungry.

You visited 2 branches of the dungeon, and saw 11 of its levels.

You collected 534 gold pieces.

Inventory:

Hand Weapons
 a - a +0 long sword (weapon)
Armour
 c - a +0 shield (worn)
 v - a +1 pair of boots (worn)
 w - a +0 cloak (worn)
 z - a +0 plate armour (worn)
Jewellery
 b - a ring of positive energy (left hand)
Wands
 p - a wand of random effects (45)
 t - a wand of paralysis (1)
Scrolls
 g - 2 scrolls of amnesia
 h - 3 scrolls of teleportation
 i - a scroll of immolation
 k - a scroll of fear
 l - 3 scrolls of remove curse
 n - 3 scrolls of magic mapping
 o - a scroll of enchant armour {unknown}
 s - a scroll of enchant weapon {unknown}
 y - a scroll of noise {unknown}
 B - a scroll of brand weapon {unknown}
Potions
 d - a potion of might
 e - a potion of lignification
 j - a potion of mutation
 m - a potion of magic
 q - 2 potions of haste
 u - a potion of invisibility
 x - a potion of cancellation
 A - a potion of curing
Comestibles
 f - 26 rations
 r - a chunk of flesh


   Skills:
 + Level 7.5 Fighting
 * Level 13.7 Long Blades
 - Level 0.6 Throwing
 + Level 7.8 Armour
 + Level 4.6 Dodging
 - Level 1.6 Stealth
 + Level 9.0 Shields
 + Level 1.1 Unarmed Combat
 - Level 0.8 Spellcasting
 - Level 0.7 Invocations
 - Level 0.5 Evocations


You had 10 spell levels left.
You didn't know any spells.
Your spell library contained the following spells:

 Spells                   Type           Power        Failure   Level  Hunger
 Beastly Appendage        Tmut           #.....       100%        1    ##.....
 Corona                   Hex            #......      100%        1    ##.....
 Ensorcelled Hibernation  Hex/Ice        #.....       100%        2    ###....
 Sticks to Snakes         Tmut           #.......     100%        2    ###....
 Confuse                  Hex            #.......     100%        3    ####...
 Dazzling Spray           Conj/Hex       #.....       100%        3    ####...
 Spider Form              Tmut/Pois      #.........   100%        3    ####...
 Tukima's Dance           Hex            #.......     100%        3    ####...
 Ice Form                 Ice/Tmut       #.......     100%        4    #####..
 Blade Hands              Tmut           #.........   100%        5    ######.


Dungeon Overview and Level Annotations

Branches:
Dungeon (10/15)            Temple (1/1) D:6             Orc (0/2) D:9
   Lair: D:8-11

Altars:
Ashenzari
Fedhas
Hepliaklqana
Makhleb
Nemelex Xobeh
Qazlal
Ru
Sif Muna
Uskayaw
Vehumet

Shops:
D:7 [


Innate Abilities, Weirdness & Mutations

You reflexively headbutt those who attack you in melee.
You have a pair of horns on your head.


Message History

The wyvern is severely wounded.
The wyvern bites you!
You completely miss the wyvern. You headbutt the wyvern!
The wyvern is almost dead.
The wyvern bites you. x2
You slash the wyvern!
You kill the wyvern!
Makhleb accepts your kill.
The two-headed ogre hits you with a +0 giant spiked club!
The two-headed ogre hits you with a +0 giant club!
You see here a stone.
Evoke which item? (* to show all) (? for menu, Esc to quit)
Aiming: Paralyse
Press: ? - help, Shift-Dir - straight line, f - two-headed ogre
Aim: a two-headed ogre, wielding a +0 giant spiked club and a +0 giant club (chance to defeat MR: 30%)
The two-headed ogre easily resists.
The two-headed ogre hits you with a +0 giant spiked club!!
* * * LOW HITPOINT WARNING * * *
The two-headed ogre hits you with a +0 giant club!
You die...

######...#...#..........#
.....#...#..............#
.....#...#.....().#.....#
.[...#...#...#....#.....#
.....#...#...#....#.....#
.....##..#####....#.....#
......#......#....#.....#########
......#......#..O.#.............#
......#.........@.#.............#
......#.).........#.............#
......#...........#.............#
......##........()########......#
)......#.....#..)<#.....).......†
.......#.....######..............
.......#.....# ..............
.......#.....# ..............
.......#.....# ##############


You could see a two-headed ogre.

Vanquished Creatures
  A two-headed ogre (D:10)
  A kobold demonologist (D:10)
  A troll (D:8)
  2 hippogriffs
  A yak (D:9)
  3 hogs (D:9)
  A human (D:9)
  2 wyverns
  3 hungry ghosts
  A warg (D:9)
  A water moccasin (D:5)
  2 ice beasts
  3 orc warriors
  2 sky beasts
  2 phantoms
  6 ogres
  A crocodile (D:7)
  2 centaurs
  8 big kobolds
  2 bullfrogs
  A gnoll sergeant (D:6)
  A water moccasin zombie (D:9)
  A wyvern skeleton (D:8)
  A scorpion (D:8)
  6 killer bees
  3 crimson imps
  A hound (D:5)
  3 jellies
  13 orc priests
  A quasit (D:8)
  A bullfrog skeleton (D:9)
  A bullfrog zombie (D:10)
  A centaur skeleton (D:4)
  6 orc wizards
  An iguana (D:8)
  6 worker ants
  Natasha (thrice) (D:2)
  4 hound skeletons
  2 worker ant zombies
  10 adders
  8 gnolls
  3 shadow imps
  An ooze (D:3)
  An adder zombie (D:7)
  An adder skeleton (D:5)
  2 worms
  4 dart slugs
  9 leopard geckos
  35 orcs
  6 bats
  2 giant cockroaches
  10 goblins
  10 hobgoblins
  23 jackals
  7 quokkas
  4 ball pythons
  6 frilled lizards
  11 kobolds
  A quokka zombie (D:5)
  9 rats
264 creatures vanquished.

Notes
Turn   | Place    | Note
-------+----------+-------------------------------------------
     0 | D:1      | HuneSparrow the Minotaur Fighter began the quest for the
                  | Orb.
     0 | D:1      | Reached XP level 1. HP: 19/19 MP: 0/0
   268 | D:1      | Reached XP level 2. HP: 27/27 MP: 1/1
   423 | D:1      | Reached skill level 3 in Long Blades
   587 | D:1      | Reached XP level 3. HP: 30/33 MP: 2/2
  1323 | D:2      | Noticed Natasha
  1341 | D:2      | Killed Natasha
  1341 | D:2      | Reached skill level 1 in Dodging
  1341 | D:2      | Reached XP level 4. HP: 30/40 MP: 3/3
  1361 | D:2      | Reached skill level 4 in Long Blades
  1532 | D:2      | Noticed Natasha
  1544 | D:2      | Killed Natasha
  1731 | D:2      | Noticed Natasha
  1739 | D:2      | Killed Natasha
  1739 | D:2      | Reached XP level 5. HP: 21/46 MP: 4/4
  2223 | D:2      | Reached skill level 5 in Long Blades
  2587 | D:3      | HP: 3/70 [orc/+0 falchion (3)]
  2589 | D:3      | HP: 1/70 [jackal (2)]
  2919 | D:3      | Reached XP level 6. HP: 16/53 MP: 5/5
  3470 | D:4      | Found a shattered altar of Ashenzari.
  3623 | D:4      | Reached skill level 6 in Long Blades
  3623 | D:4      | Reached skill level 5 in Shields
  3754 | D:4      | Got an ichor-stained ring mail
  3765 | D:4      | Identified the cursed +1 ring mail of the Orcish Mines
                  | {Dex+4} (You found it on level 4 of the Dungeon)
  3925 | D:5      | Entered Level 5 of the Dungeon
  3994 | D:5      | Reached XP level 7. HP: 60/60 MP: 6/6
  4003 | D:5      | Reached skill level 5 in Armour
  4079 | D:5      | Reached skill level 5 in Fighting
  4079 | D:5      | Reached skill level 7 in Long Blades
  4484 | D:5      | Reached skill level 8 in Long Blades
  4765 | D:6      | Reached XP level 8. HP: 18/69 MP: 7/7
  5189 | D:6      | Found a staircase to the Ecumenical Temple.
  5196 | D:6      | You fall through a shaft for 3 floors!
  5281 | D:9      | Reached skill level 9 in Long Blades
  5642 | D:6      | Reached skill level 10 in Long Blades
  5840 | Temple   | Entered the Ecumenical Temple
  5869 | Temple   | Became a worshipper of Makhleb the Destroyer
  6152 | D:6      | Reached XP level 9. HP: 68/75 MP: 8/8
  6525 | D:7      | Found Wuokupef's Armour Emporium.
  6701 | D:7      | Reached skill level 11 in Long Blades
  6852 | D:7      | Reached * piety under Makhleb
  7761 | D:8      | Noticed a troll
  7811 | D:8      | Killed a troll
  7811 | D:8      | Reached skill level 12 in Long Blades
  8233 | D:8      | Found a hazy altar of Hepliaklqana.
  8610 | D:8      | Reached ** piety under Makhleb
  8891 | D:8      | Reached XP level 10. HP: 84/84 MP: 9/9
  9369 | D:9      | Found a staircase to the Orcish Mines.
  9852 | D:9      | Reached skill level 13 in Long Blades
 10232 | D:10     | Entered Level 10 of the Dungeon
 10285 | D:10     | Noticed a two-headed ogre
 10305 | D:10     | Killed a two-headed ogre
 10305 | D:10     | Reached skill level 1 in Stealth
 10439 | D:10     | Noticed an orange demon
 10443 | D:10     | Noticed a sixfirhy
 10530 | D:10     | Reached *** piety under Makhleb
 10536 | D:10     | Reached skill level 1 in Unarmed Combat
 10564 | D:10     | Noticed a two-headed ogre
 10593 | D:10     | Mangled by a two-headed ogre

Skill      XL: |  1  2  3  4  5  6  7  8  9 10 |
---------------+-------------------------------+-----
Armour         | 4 5 6 7 |  7.8
Long Blades    | 3 4 5 6 8 10 12 13 | 13.7
Fighting       | 4 5 6 7 |  7.5
Shields        | 4 5 6 7 9 |  9.0
Dodging        | 1 2 4 |  4.6
Stealth        | 1 |  1.6
Unarmed Combat | 1 |  1.1
Throwing       | |  0.6
Spellcasting   | |  0.8
Invocations    | |  0.7
Evocations     | |  0.5

Action                   |  1- 3 |  4- 6 |  7- 9 | 10-12 || total
-------------------------+-------+-------+-------+-------++-------
Melee: Long sword        |    70 |   161 |   347 |   206 ||   784
       Headbutt          |    16 |    23 |    83 |    53 ||   175
Evoke: Wand              |       |       |       |     5 ||     5
  Use: Scroll            |       |     7 |     5 |     1 ||    13
       Potion            |       |     1 |     1 |       ||     2
 Stab: Paralysed         |       |       |       |     4 ||     4
  Eat: Chunk             |     1 |     6 |    15 |     6 ||    28
       Ration            |       |     1 |     1 |       ||     2
Armor: Scale mail        |    26 |    46 |       |       ||    72
       Skin              |       |    15 |       |       ||    15
       Ring mail         |       |       |    73 |    16 ||    89
       Plate armour      |       |       |       |    77 ||    77
Dodge: Dodged            |    19 |    46 |   110 |    63 ||   238
Block: Shield            |    41 |    83 |   152 |   111 ||   387
       Rpst.: Long sword |     4 |    16 |    41 |    17 ||    78
